 Dungeon Crawl Stone Soup version 0.31-a0-640-g39d97e502b (webtiles) character file.

Game seed: 7209896648134542724

5841 thirtiethelement the Reanimator (level 10, 0/67 HPs)
             Began as a Demonspawn Necromancer on Aug 27, 2023.
             Was a Priest of Sif Muna.
             Killed from afar by a steam dragon (6 damage)
             ... with a ball of steam
             ... while petrified by a basilisk
             ... on level 8 of the Dungeon.
             The game lasted 00:29:21 (8231 turns).

thirtiethelement the Reanimator (DsNe)              Turns: 8231, Time: 00:29:23

Health: 0/67       AC:  6    Str:  9    XL:     10   Next: 51%
Magic:  28/31      EV:  2    Int: 20    God:    Sif Muna [***...]
Gold:   261        SH:  0    Dex: 14    Spells: 12/25 levels left

rFire   . . .        p - +1 dagger (venom)
rCold   . . .        (no shield)
rNeg    + + +        i - +0 leather armour
rPois   ∞            w - +0 helmet
rElec   .            k - +2 cloak {rPois}
rCorr   .            d - +1 pair of gloves
SInv    .            E - +0 pair of boots
Will    .....        B - amulet of magic regeneration
Stlth   +++          r - +4 ring of slaying
HPRegen 0.31/turn    G - ring of magical power
MPRegen 0.62/turn

%: no passive effects
@: petrified, corroded, animating dead
A: hooves 1, powered by pain 2, demonic magic 2, weakness stinger 1, demonic
touch 1
a: Renounce Religion, Channel Magic, Forget Spell


You were on level 8 of the Dungeon.
You worshipped Sif Muna.
Sif Muna was most pleased with you.
You visited 2 branches of the dungeon, and saw 11 of its levels.

You collected 456 gold pieces.
You spent 195 gold pieces at shops.

Inventory:

Hand Weapons
 p - a +1 dagger of venom (weapon)
Missiles
 c - 25 poisoned darts (quivered)
 z - a throwing net
Armour
 d - a +1 pair of gloves (worn)
 i - a +0 leather armour (worn)
 k - a +2 cloak of poison resistance (worn)
 w - a +0 helmet (worn)
 E - a +0 pair of boots (worn)
Jewellery
 r - a +4 ring of slaying (left hand)
 B - an amulet of magic regeneration (around neck)
 C - a ring of protection from fire
 G - a ring of magical power (right hand)
 H - a ring of poison resistance
 I - a +6 ring of strength
 K - a +5 ring of evasion
Wands
 s - a wand of roots (5)
 u - a wand of mindburst (18)
Scrolls
 a - 3 scrolls of fear
 e - 2 scrolls of poison
 g - 7 scrolls of teleportation
 h - 3 scrolls of revelation {unknown}
 j - 4 scrolls of immolation
 m - 5 scrolls of amnesia
 o - 2 scrolls of enchant weapon {unknown}
 q - 3 scrolls of fog
 y - 2 scrolls of vulnerability {unknown}
 A - a scroll of identify
 M - a scroll of enchant armour
Potions
 b - 3 potions of magic
 f - 3 potions of might {unknown}
 l - 3 potions of heal wounds
 n - a potion of brilliance
 t - 4 potions of lignification
 v - 2 potions of ambrosia
 x - 4 potions of curing {unknown}
 D - a potion of mutation {unknown}
 F - 2 potions of attraction {unknown}
 J - 3 potions of haste {unknown}
 L - a potion of enlightenment {unknown}
 N - a potion of cancellation {unknown}


   Skills:
 + Level 1.8 Fighting
 + Level 2.4 Short Blades
 + Level 0.1 Throwing
 + Level 3.0 Armour
 + Level 2.3 Dodging
 + Level 7.3 Stealth
 + Level 8.4 Spellcasting
 + Level 8.9 Necromancy
 + Level 5.8 Fire Magic


You had 12 spell levels left.
You knew the following spells:

 Your Spells              Type           Power      Damage    Failure   Level
a - Necrotise             Necr           100%       1d9       1%          1
b - Scorch                Fire           62%        2d7       1%          2
c - Vampiric Draining     Necr           44%        2d9       1%          3
d - Call Canine Familiar  Summ           8%         N/A       32%         3
e - Animate Dead          Necr           44%        N/A       2%          4

Your spell library contained the following spells:

 Spells                   Type           Power      Damage    Failure   Level
 Agony                    Necr           44%        N/A       8%          5
 Summon Small Mammal      Summ           32%        N/A       11%         1
 Summon Guardian Golem    Hex/Summ       8%         N/A       32%         3
 Simulacrum               Ice/Necr       13%        N/A       95%         6


Dungeon Overview and Level Annotations

Branches:
Dungeon (10/15)            Temple (1/1) D:4            Lair (0/5) D:9
    Orc (0/2) D:9

Altars:
Ashenzari
Cheibriados
Dithmenos
Fedhas
Gozag
Kikubaaqudgha
Makhleb
Nemelex Xobeh
Okawaru
Qazlal
Ru
Sif Muna
Trog
Uskayaw
Vehumet
Wu Jian
Xom
Yredelemnul

Shops:
D:7 [[


Innate Abilities, Weirdness & Mutations

You have large cloven feet.
You sometimes gain power by taking damage.
Spells you cast may paralyse nearby enemies.
You have a small tail.
Your touch may inflict minor irresistible damage on your foes.


Message History

Your kobold brigand zombie hits the orc but does no damage.
The steam dragon barely misses your hornet zombie.
The steam dragon claws your hornet zombie but does no damage.
The orc closely misses your kobold brigand zombie.
The steam dragon bites you. The steam dragon claws you.
The basilisk is no longer paralysed.
The brown ugly thing kicks you but does no damage.
Your hornet zombie barely misses the steam dragon.
The killer bee stings you but does no damage.
The steam dragon closely misses your hornet zombie.
The steam dragon claws your hornet zombie.
The basilisk bites your hornet zombie.
Your hornet zombie is destroyed!
The steam dragon bites you but does no damage.
The steam dragon claws you.
The orc hits your kobold brigand zombie with a +0 antimagic hand axe.
Your kobold brigand zombie hits the orc but does no damage.
The killer bee stings you but does no damage.
The killer bee stings your kobold brigand zombie!
Your kobold brigand zombie is destroyed!
The brown ugly thing kicks you. The acid corrodes you!
You are splashed with acid!
The killer bee stings you but does no damage.
The steam dragon breathes steam at you. The ball of steam hits you!
You hear an angry buzzing noise.
You hear a shout!
You are engulfed in a cloud of scalding steam.
The killer bee stings you. The brown ugly thing kicks you!
* * * LOW HITPOINT WARNING * * *
You are splashed with acid!
* * * LOW HITPOINT WARNING * * *
The killer bee stings you!
* * * LOW HITPOINT WARNING * * *
The steam dragon bites you but does no damage.
The steam dragon claws you.
* * * LOW HITPOINT WARNING * * *
The steam dragon breathes steam at you.
The ball of steam hits the steam dragon!
The steam dragon resists.
The ball of steam hits you!
You die...

#.........>........#..
.####....#.##.#######.#
.#.##......##....####.##########
.#....##########.#.<#.##.......#
.#.##.# ####.##.#.##.###.#.#
)#.##### #.).....#.#........#
.#.#...# ##..##....[....###..#
.#...#.# #..#Z####...#### #.##
.#####.# #..##@uD##### ##.###
.......# #...#Dy...(.. #....#
########## #...#lD#..... #...##
Z.)......###...##yo #### ##...##
########.##.....#..# #.....#
#.##.##..#..# #..####
#.##.##..#..# #..##
#.......##..# ##..# #####...#
#..#


You could see a brown ugly thing, a basilisk, 3 steam dragons, 2 killer bees, an
orc (distracted) and a friendly wyvern zombie.

Vanquished Creatures
  A catoblepas (D:9)
  An unseen horror (D:10)
  2 trolls
  A hornet (D:8)
  A wyvern (D:8)
  2 steam dragons (D:6)
  3 yaks (D:9)
  An acid dragon (D:9)
  2 water moccasins
  A sky beast (D:7)
  An ice beast (D:7)
  A black bear (D:8)
  An ogre (D:6)
  2 wolves (D:9)
  A kobold brigand (D:6)
  7 bullfrogs
  3 scorpions
  4 wights
  A howler monkey (D:9)
  3 electric eels (D:9)
  An orc priest (D:4)
  5 hounds
  5 jellies
  2 gnoll boudas
  Ijyb (D:3)
  2 sleepcaps
  5 iguanas
  4 orc wizards
  7 adders
  16 gnolls
  A shadow imp (D:8)
  2 ufetubi
  3 worms
  A dart slug (D:3)
  19 orcs
  4 bats
  6 endoplasms
  3 giant cockroaches
  7 goblins
  5 hobgoblins
  5 jackals
  2 quokkas
  11 ball pythons
  12 kobolds
  5 rats
173 creatures vanquished.

Vanquished Creatures (collateral kills)
  A hornet (D:9)
  A shadow (D:9)
  A wolf (D:9)
  A kobold brigand (D:8)
  2 howler monkeys (D:9)
  A gnoll (D:9)
  2 orcs (D:9)
  A frilled lizard (D:2)
10 creatures vanquished.

Vanquished Creatures (others)
  A hornet zombie (D:8)
  A troll zombie (D:9)
  2 wolf zombies (D:9)
  An ice beast zombie (D:7)
  A kobold zombie (D:8)
  A hound zombie (D:9)
  A goblin (D:3)
  A kobold (D:6)
  3 gnoll zombies (D:7)
  6 orc zombies
18 creatures vanquished.

Grand Total: 201 creatures vanquished

Notes
Turn   | Place    | Note
-------+----------+-------------------------------------------
     0 | D:1      | thirtiethelement the Demonspawn Necromancer began the quest
                  | for the Orb.
     0 | D:1      | Reached XP level 1. HP: 13/13 MP: 3/3
   395 | D:1      | Discovered your monstrous ancestry.
   395 | D:1      | Gained mutation: You have a small tail. [demonic ancestry]
   395 | D:1      | Reached XP level 2. HP: 19/19 MP: 3/5
   576 | D:1      | Got the Elucidation of Spicy Maleficent Secrets
   580 | D:1      | Learned a level 2 spell: Scorch
  1236 | D:2      | Reached skill level 5 in Necromancy
  1246 | D:2      | Reached XP level 3. HP: 24/24 MP: 0/6
  1798 | D:2      | Gained mutation: Spells you cast may paralyse adjacent
                  | enemies. [demonic ancestry]
  1798 | D:2      | Reached XP level 4. HP: 30/30 MP: 5/7
  1805 | D:2      | Learned a level 3 spell: Vampiric Draining
  1841 | D:2      | Reached skill level 1 in Armour
  3121 | D:3      | Found a radiant altar of Vehumet.
  3270 | D:3      | Noticed Ijyb
  3275 | D:3      | Killed Ijyb
  3276 | D:3      | Gained mutation: You sometimes gain a little power by
                  | taking damage. [demonic ancestry]
  3276 | D:3      | Reached XP level 5. HP: 35/35 MP: 7/9
  3775 | D:4      | Found a sacrificial altar of Ru.
  3781 | D:4      | Gained mutation: You sometimes gain power by taking damage.
                  | [demonic ancestry]
  3781 | D:4      | Reached XP level 6. HP: 40/42 MP: 7/11
  4019 | D:4      | Found a staircase to the Ecumenical Temple.
  4180 | Temple   | Entered the Ecumenical Temple
  4209 | Temple   | Became a worshipper of Sif Muna the Loreminder
  4239 | D:5      | Entered Level 5 of the Dungeon
  4705 | D:5      | Gained mutation: You have large cloven feet. [demonic
                  | ancestry]
  4705 | D:5      | Reached XP level 7. HP: 47/47 MP: 12/12
  4747 | D:5      | Learned a level 3 spell: Call Canine Familiar
  5122 | D:6      | Noticed a steam dragon
  5131 | D:6      | Killed a steam dragon
  5132 | D:6      | Reached skill level 1 in Short Blades
  5135 | D:6      | Reached * piety under Sif Muna
  5231 | D:6      | Gained mutation: Your touch may inflict minor irresistible
                  | damage on your foes. [demonic ancestry]
  5231 | D:6      | Reached XP level 8. HP: 53/53 MP: 10/15
  5328 | D:6      | Reached skill level 1 in Fire Magic
  5332 | D:6      | Reached skill level 1 in Fighting
  5394 | D:6      | Reached skill level 5 in Spellcasting
  5399 | D:6      | Learned a level 4 spell: Animate Dead
  5482 | D:6      | Reached skill level 5 in Stealth
  5885 | D:7      | Found Xista's Antique Armour Emporium.
  5888 | D:7      | Bought a runed cloak for 195 gold pieces
  6310 | D:7      | Found Memm's Armour Shop.
  6320 | D:7      | Reached XP level 9. HP: 52/59 MP: 18/18
  6814 | D:8      | Reached ** piety under Sif Muna
  6835 | D:8      | Found a burning altar of Makhleb.
  6857 | D:8      | Found a stormy altar of Qazlal.
  7058 | D:8      | You fall into a shaft and drop 2 floors!
  7058 | D:10     | Entered Level 10 of the Dungeon
  7074 | D:10     | Found a basalt altar of Yredelemnul.
  7074 | D:10     | Noticed a troll
  7080 | D:10     | Found a sparkling altar of Nemelex Xobeh.
  7082 | D:10     | Killed a troll
  7088 | D:10     | Found a snail-covered altar of Cheibriados.
  7089 | D:10     | Found a blossoming altar of Fedhas.
  7098 | D:10     | Found a shadowy altar of Dithmenos.
  7116 | D:10     | Killed an unseen horror
  7154 | D:9      | Found a staircase to the Lair.
  7154 | D:9      | Noticed a troll
  7169 | D:9      | Killed a troll
  7379 | D:9      | Found an opulent altar of Gozag.
  7427 | D:9      | Noticed a catoblepas
  7496 | D:9      | Found a staircase to the Orcish Mines.
  7510 | D:9      | Gained mutation: Spells you cast may paralyse nearby
                  | enemies. [demonic ancestry]
  7510 | D:9      | Reached XP level 10. HP: 60/66 MP: 21/21
  7512 | D:9      | Reached skill level 5 in Fire Magic
  7890 | D:9      | Killed a catoblepas
  8219 | D:8      | Noticed a brown ugly thing
  8221 | D:8      | Reached *** piety under Sif Muna
  8231 | D:8      | Killed from afar by a steam dragon

Illustrated notes

Levels and vault maps discovered:
D:1:      eino_arrival_cavern_d, layout_loops_cross,
          hangedman_decor_diamond_cutter, minmay_stone_trees_small,
          reono_crystal_passage, dk_noncrumbling_3, minmay_crystal_water
D:2:      layout_basic, nicolae_figureground_pulse
D:3:      layout_loops_ring, fiery_altar_vehumet, marbit_many_paths,
          serial_aquarium, aquarium_bridge_straight [aquarium_subvault_bridge,
          aquarium_subvault_window, aquarium_subvault_bridge,
          aquarium_subvault_balcony], aquarium_bridge_square
          [aquarium_subvault_window, aquarium_subvault_balcony,
          aquarium_subvault_bridge, aquarium_subvault_balcony],
          aquarium_window_corner, aquarium_window_1, aquarium_window_fake,
          aquarium_window_corridor_1, aquarium_view_2c, aquarium_pool_2,
          minmay_surrounded, uniq_ijyb
D:4:      layout_loops_cross, nicolae_ru_great_annihilating_truth, temple_green,
          grunt_ministairs_2
D:5:      layout_loops_ring
D:6:      layout_cave_pools, minmay_crystal_room
D:7:      layout_basic, serial_shops, nicolae_shop_behind_doors,
          minmay_splitting_lines, nicolae_stop_n_shop_2
D:8:      layout_basic, mainiacjoe_overflow_catch_the_wave,
          minmay_pinched_square
D:9:      kennysheep_big_flooded_room, layout_rooms,
          lemuel_coloured_pillars_altar, erik_lair_island, david_orc_2
D:10:     layout_rooms, nicolae_overflow_hallway_of_the_gods,
          kennysheep_small_square
Temple:   chequers_temple_sunken

Skill      XL: |  1  2  3  4  5  6  7  8  9 10 |
---------------+-------------------------------+-----
Stealth        | 2 3 4 5 7 |  7.3
Necromancy     | 5 6 7 8 |  8.9
Armour         | 1 2 3 |  3.0
Spellcasting   | 3 4 6 7 8 |  8.4
Dodging        | 2 |  2.3
Short Blades   | 1 2 |  2.4
Fire Magic     | 2 4 5 |  5.8
Fighting       | 1 |  1.8
Throwing       | |  0.1

Action                     |  1- 3 |  4- 6 |  7- 9 | 10-12 || total
---------------------------+-------+-------+-------+-------++-------
  Melee: Dagger            |    10 |    29 |    22 |    13 ||    74
         Tailslap          |     2 |     1 |     4 |       ||     7
         Short sword       |       |    11 |    30 |       ||    41
         Kick              |       |       |     3 |       ||     3
         Touch             |       |       |     5 |     1 ||     6
  Throw: Dart              |     7 |     5 |       |       ||    12
   Cast: Necrotise         |    48 |    79 |    28 |       ||   155
         Scorch            |     2 |     4 |    69 |    15 ||    90
         Vampiric Draining |       |     1 |    17 |    17 ||    35
         Call Canine Famil |       |       |     1 |       ||     1
         Animate Dead      |       |       |     4 |     2 ||     6
    Use: Scroll            |       |       |    12 |     2 ||    14
   Stab: Paralysed         |       |    29 |    30 |    10 ||    69
         Sleeping          |       |     7 |     8 |       ||    15
 Armour: Robe              |     1 |       |       |       ||     1
         Leather armour    |     1 |    11 |    31 |    21 ||    64
  Dodge: Dodged            |     8 |    28 |    47 |    18 ||   101

Table legend: (Time is in decaauts)
 A = Elapsed time spent in this place.
 B = Non-inter-level travel time spent in this place.
 C = Inter-level travel time spent in this place.
 D = Time resting spent in this place.
 E = Time spent auto-exploring this place.
 F = Levels seen in this place.
 G = Mean time per level.
                   A        B        C        D        E       F      G
               +--------+--------+--------+--------+--------+-----+--------+
         Total |   8230 |   7938 |    292 |    380 |   6143 |  11 |  748.2 |
       Dungeon |   8189 |   7909 |    280 |    380 |   6143 |  10 |  818.9 |
        Temple |     41 |     30 |     11 |      0 |      0 |   1 |   41.0 |
               +--------+--------+--------+--------+--------+-----+--------+

Top non-repeatable levels by time:
     D:2: 1259 daAuts
     D:1: 1137 daAuts
     D:9: 979 daAuts
     D:7: 931 daAuts
     D:3: 909 daAuts
     D:4: 891 daAuts
     D:5: 799 daAuts
     D:6: 681 daAuts
     D:8: 506 daAuts
    D:10: 92 daAuts
  Temple: 41 daAuts
